AoeStats
← Guru8722

Yucatan

503238544Analyzed
2v2 RM · 1mo ago on Aug 30, 2026· 26m 56s· 4 players
Game mode
Random Map
Map size
Medium (4 player)
Population
200
Speed
Normal
Resources
Standard
Victory
Conquest
Starting age
Dark Age
Ending age
Imperial Age
RankedLock teamsTeams togetherTeam positionsShared explorationLock speedFull tech treeHidden civsTurbo modeCheats
Victory
Defeat
🇺🇸 Vietnamese · United States
1048
+14
🇺🇸 Wei · United States
1008
+16
🇷🇺 Ethiopians · Russia
1023
-16
🇺🇸 Mongols · United States
990
-14
BratCamrade
4:30 Loom
11:32 Feudal Age
12:33 Double-Bit Axe
12:38 Horse Collar
16:24 Fletching
21:15 Castle Age
19:28 Padded Archer Armor
19:42 Gold Mining
22:18 Bodkin Arrow
21:46 Crossbowman
22:31 Thumb Ring
23:04 Leather Archer Armor
NachoFries4886
0:29 Loom
13:19 Feudal Age
13:59 Double-Bit Axe
28:19 Castle Age
27:04 Padded Archer Armor
26:54 Fletching
Sanji-San
6:25 Loom
9:20 Feudal Age
9:58 Double-Bit Axe
10:10 Horse Collar
18:31 Castle Age
17:06 Gold Mining
18:18 Bloodlines
18:03 Fletching
18:44 Padded Archer Armor
19:48 Bow Saw
22:17 Bodkin Arrow
25:42 Wheelbarrow
24:52 Town Watch
26:30 Town Watch
27:22 Hand Cart
27:01 Stone Mining
Guru8722
6:39 Loom
10:41 Feudal Age
11:38 Double-Bit Axe
14:49 Fletching
23:17 Castle Age
24:10 Bow Saw
23:58 Bodkin Arrow
24:23 Crossbowman
Connection lost

Rejoining the realm…

Still unreachable

The connection could not be restored.

Session expired

The server has moved on; the page needs a fresh start.